 Dungeon Crawl Stone Soup version 0.16.2-12-gd0ad4c3 (webtiles) character file.

8413 dvd the Thaumaturge (level 11, -3/56 HPs)
             Began as a Deep Elf Fire Elementalist on Sept 15, 2015.
             Was a Priest of Vehumet.
             Slain by Erolcha
             ... wielding a +4 giant club
              (12 damage)
             ... on level 9 of the Dungeon on Sept 16, 2015.
             The game lasted 01:45:01 (13418 turns).

dvd the Thaumaturge (Deep Elf Fire Elementalist)   Turns: 13418, Time: 01:45:01

Health: -3/56      AC:  5    Str:  9    XL:     11   Next: 9%
Magic:  11/34      EV: 16    Int: 26    God:    Vehumet [***...]
Gold:   542        SH:  6    Dex: 15    Spells: 10 memorised, 5 levels left

rFire  + . .     SeeInvis .     M - staff of conjuration
rCold  . . .     Clarity  .     B - +0 robe of the Pure Moons {Str+4 Int+2}
rNeg   + . .     SustAb   .     (no shield)
rPois  .         Gourm    .     (no helmet)
rElec  .         Spirit   .     p - +0 cloak
rCorr  .         Warding  .     (no gloves)
rMut   +         Stasis   .     s - +1 pair of boots
MR     +....                    r - amulet of resist mutation
Stlth  +++.......               z - ring of positive energy
                                i - ring of protection from fire

@: icy shield, slowed, very slow, somewhat resistant to hostile enchantments,
fairly stealthy
A: no striking features
a: Renounce Religion


You were on level 9 of the Dungeon.
You worshipped Vehumet.
Vehumet was most pleased with you.
You were hungry.

You visited 2 branches of the dungeon, and saw 10 of its levels.
You also visited: Sewer.

You collected 542 gold pieces.

Inventory:

Hand weapons
 t - a +0 dagger of protection
 x - a +3 battleaxe of venom
 y - a +3 dagger of venom
Armour
 p - a +0 cloak (worn)
 s - a +1 pair of boots (worn)
 B - the +0 robe of the Pure Moons (worn) {Str+4 Int+2}
   (You found it on level 8 of the Dungeon)

   It affects your strength (+4).
   It affects your intelligence (+2).
 I - a +2 leather armour of magic resistance
 N - a troll hide
Magical staves
 M - an uncursed staff of conjuration (weapon)
Jewellery
 i - a ring of protection from fire (left hand)
 r - an amulet of resist mutation (around neck)
 z - a ring of positive energy (right hand)
Magical devices
 d - a wand of lightning (6)
 l - a wand of confusion (31)
 F - a wand of flame (26)
Scrolls
 f - 6 scrolls of magic mapping
 k - 2 scrolls of fog
 o - 2 scrolls of enchant armour
 q - 2 scrolls of teleportation
 A - a scroll of remove curse
 C - 4 scrolls of identify
 D - 3 scrolls of recharging
Potions
 a - a potion of might
 g - 4 potions of magic
 j - 2 potions of curing
 v - a potion of haste
 G - a potion of mutation {unknown}
 J - a potion of resistance {unknown}
Books
 b - a book of Flames

   Spells                             Type                      Level
   a - Flame Tongue                   Conjuration/Fire             1
   b - Throw Flame                    Conjuration/Fire             2
   c - Conjure Flame                  Conjuration/Fire             3
   d - Inner Flame                    Hexes/Fire                   3
   e - Sticky Flame                   Conjuration/Fire             4
   f - Fireball                       Conjuration/Fire             5
 n - an Akashic Record {highlevel}

   This book is beyond your current level of understanding.

   Spells                             Type                      Level
   a - Dispersal                      Translocation                6
   b - Controlled Blink               Translocation                7
   c - Malign Gateway                 Summoning/Translocation      7
   d - Disjunction                    Translocation                8
   e - Singularity                    Translocation                9
 H - a book of Alchemy

   Spells                             Type                      Level
   a - Sublimation of Blood           Necromancy                   2
   b - Alistair's Intoxication        Transmutation/Poison         4
   c - Condensation Shield            Ice                          4
   d - Petrify                        Transmutation/Earth          4
   e - Ignite Poison                  Fire/Transmutation           5
   f - Irradiate                      Conjuration/Transmutation    5
 K - a book of Annihilations {highlevel, unknown}

   This book is beyond your current level of understanding.

   Spells                             Type                      Level
   a - Poison Arrow                   Conjuration/Poison           6
   b - Chain Lightning                Conjuration/Air              8
   c - Lehudib's Crystal Spear        Conjuration/Earth            8
   d - Glaciate                       Conjuration/Ice              9
   e - Fire Storm                     Conjuration/Fire             9
 L - a book of Conjurations

   Spells                             Type                      Level
   a - Magic Dart                     Conjuration                  1
   b - Searing Ray                    Conjuration                  2
   c - Dazzling Spray                 Conjuration/Hexes            3
   d - Fulminant Prism                Conjuration/Hexes            4
   e - Iskenderun's Mystic Blast      Conjuration                  4
   f - Iskenderun's Battlesphere      Conjuration/Charms           5
Comestibles
 c - 11 bread rations
 h - 3 beef jerkies
 m - 5 fruits
 u - 3 meat rations
 w - 9 slices of pizza


   Skills:
 + Level 1.2 Fighting
 + Level 0.4 Short Blades
   Level 0.1 Maces & Flails
 + Level 0.2 Staves
 + Level 2.2 Armour
 + Level 7.4 Dodging
 + Level 5.2 Stealth
 + Level 12.4 Spellcasting
 + Level 8.8 Conjurations
 + Level 0.3 Hexes
 + Level 1.6 Necromancy
 + Level 9.4 Fire Magic
 + Level 3.8 Ice Magic


You had 5 spell levels left.
You knew the following spells:

 Your Spells              Type           Power        Failure   Level  Hunger
a - Flame Tongue          Conj/Fire      #####        1%          1    None
b - Throw Flame           Conj/Fire      ######       1%          2    None
c - Sticky Flame          Conj/Fire      #######.     1%          4    None
d - Fireball              Conj/Fire      #######...   1%          5    ###....
e - Freeze                Ice            ####         1%          1    None
f - Sublimation of Blood  Necr           ###.......   2%          2    None
g - Condensation Shield   Ice            #####.....   10%         4    None
h - Dazzling Spray        Conj/Hex       ######..     1%          3    None
i - Searing Ray           Conj           ######       1%          2    None
j - Iskenderun's Battles  Conj/Chrm      ######..     4%          5    ###....


Dungeon Overview and Level Annotations

Branches:
Dungeon (9/15)             Temple (1/1) D:5            Lair (0/8) D:9
    Orc: D:9-12

Altars:
Ashenzari
Cheibriados
Dithmenos
Elyvilon
Fedhas
Gozag
Kikubaaqudgha
Makhleb
Nemelex Xobeh
Okawaru
Qazlal
Ru
Sif Muna
Trog
Vehumet
Xom
Yredelemnul
Zin
The Shining One

Shops:
D:9 *

Annotations:
D:9 Erolcha


Message History

Erolcha burns!
Erolcha misses you.
Erolcha hits you with an enchanted giant club!!
* * * LOW HITPOINT WARNING * * *
Read which item? (? for menu, Esc to quit)
Okay, then.
Read which item? (? for menu, Esc to quit)
As you read the scroll of fear, it crumbles to dust.
You assume a fearsome visage.
Your battlesphere is unaffected.
Erolcha resists with some effort.
Erolcha burns!
Erolcha burns!
Erolcha stops burning.
Erolcha gestures wildly while chanting.
Erolcha flickers and vanishes!
Deactivating autopickup; reactivate with Ctrl-A.
Drink which item? (? for menu, Esc to quit)
You feel better. Something hits you!
* * * LOW HITPOINT WARNING * * *
Drink which item? (? for menu, Esc to quit)
You feel better. Something hits you!
You die...

#.# ##.##...# .# ### #.#
#.####.###.# ..# ###.# ####(#
#.....# #.####...###....#
###..## ................# #...#
...###.#####....# #.#.# ...#
#.# #....######.#.###### ##.#
#.#####...*....##.........
##.###.........†@{..##...######
##.....................#.#
.##############)###.##...# #.##
.........###.##.### ##.##
######..........# ....#
#.#)####.### ##..# #.#.# .#
#.#.# #.#.# .# (# .#
##.###.#(####..##


There were no monsters in sight!

Vanquished Creatures
  An unseen horror (D:9)
  2 trolls (D:9)
  Grinder (D:5)
  2 wyverns
  A human (D:7)
  A hog (D:7)
  11 yaks
  A hungry ghost (D:9)
  A hippogriff (D:8)
  Edmund (D:5)
  3 wolves (D:9)
  A phantom (D:9)
  3 sky beasts (D:8)
  4 black bears
  3 ice beasts
  6 ogres
  2 orc warriors
  4 centaurs
  Duvessa (D:6)
  A big kobold (D:9)
  8 giant frogs
  Blork the orc (D:6)
  A wyvern zombie (D:8)
  A scorpion (D:9)
  6 killer bees
  3 goliath beetles
  Dowan (D:6)
  4 crimson imps
  4 iguanas
  6 hounds
  An orc priest (D:4)
  4 orc wizards
  4 worker ants
  A killer bee zombie (D:8)
  2 sheep (D:7)
  Ijyb (D:3)
  6 gnolls
  5 river rats
  2 shadow imps
  13 adders
  4 giant mites
  5 worms
  An adder skeleton (D:8)
  4 giant geckos
  6 oozes
  27 orcs
  13 ball pythons
  15 bats
  20 hobgoblins
  18 jackals
  17 kobolds
  4 quokkas
  7 giant cockroaches
  9 giant newts
  10 goblins
  A jackal skeleton (D:8)
  A quokka skeleton (D:5)
  36 rats
  3 fungi (D:7)
  2 plants (D:7)
327 creatures vanquished.

Notes
Turn   | Place    | Note
--------------------------------------------------------------
     0 | D:1      | dvd, the Deep Elf Fire Elementalist, began the quest for the Orb.
     0 | D:1      | Reached XP level 1. HP: 10/10 MP: 5/5
   740 | D:1      | Reached XP level 2. HP: 15/15 MP: 6/8
   767 | D:1      | Learned a level 2 spell: Throw Flame
  1721 | D:1      | Reached XP level 3. HP: 7/19 MP: 5/11
  1877 | D:1      | Reached skill level 4 in Fire Magic
  2213 | D:2      | Found an opulent altar of Gozag.
  2601 | D:2      | Reached XP level 4. HP: 24/24 MP: 0/15
  3591 | D:3      | Learned a level 4 spell: Sticky Flame
  3870 | D:3      | Noticed Ijyb
  3877 | D:3      | Killed Ijyb
  4007 | D:3      | Found an ancient bone altar of Kikubaaqudgha.
  4393 | D:4      | Reached XP level 5. HP: 28/28 MP: 4/18
  4638 | D:4      | Noticed an ogre
  4642 | D:4      | Killed an ogre
  4642 | D:4      | Reached skill level 5 in Spellcasting
  4667 | D:4      | Reached XP level 6. HP: 32/32 MP: 15/21
  4677 | D:4      | Reached skill level 5 in Fire Magic
  4683 | D:4      | Found a glowing drain.
  4696 | Sewer    | Entered a sewer
  5323 | Sewer    | Reached skill level 6 in Spellcasting
  5326 | Sewer    | Reached XP level 7. HP: 25/36 MP: 6/24
  5468 | D:4      | Learned a level 1 spell: Flame Tongue
  5565 | D:4      | Found a sacrificial altar of Ru.
  5658 | D:4      | Found an iron altar of Okawaru.
  6503 | D:5      | Entered Level 5 of the Dungeon
  6767 | D:5      | Noticed Edmund
  6783 | D:5      | Killed Edmund
  7104 | D:5      | Reached skill level 7 in Spellcasting
  7153 | D:5      | Found a staircase to the Ecumenical Temple.
  7160 | D:5      | Reached skill level 5 in Conjurations
  7252 | Temple   | Entered the Ecumenical Temple
  7307 | Temple   | Became a worshipper of Vehumet
  7627 | D:5      | Noticed Grinder
  7633 | D:5      | Paralysed by Grinder for 3 turns
  7640 | D:5      | Killed Grinder
  7640 | D:5      | Reached XP level 8. HP: 39/41 MP: 13/26
  7797 | D:5      | Learned a level 5 spell: Fireball
  8173 | D:6      | Noticed Blork the orc
  8177 | D:6      | Killed Blork the orc
  8220 | D:6      | Reached skill level 8 in Spellcasting
  8226 | D:6      | Acquired Vehumet's first power
  8226 | D:6      | Offered knowledge of Freeze by Vehumet.
  8229 | D:6      | Learned a level 1 spell: Freeze
  8560 | D:6      | Found a shimmering altar of Xom.
  8658 | D:6      | Noticed Duvessa
  8658 | D:6      | Noticed Dowan
  8663 | D:6      | Killed Dowan
  8673 | D:6      | Killed Duvessa
  8677 | D:6      | Reached XP level 9. HP: 31/46 MP: 4/29
  9079 | D:6      | Reached skill level 5 in Dodging
  9333 | D:6      | Reached skill level 9 in Spellcasting
  9437 | D:6      | Found a burning altar of Makhleb.
  9439 | D:6      | Noticed a blizzard demon
  9444 | D:6      | Noticed an orange demon
  9824 | D:7      | Reached skill level 1 in Ice Magic
 10187 | D:7      | Found a deep blue altar of Sif Muna.
 10295 | D:7      | Offered knowledge of Magic Dart by Vehumet.
 10418 | D:7      | Reached skill level 10 in Spellcasting
 10498 | D:7      | Found a blossoming altar of Fedhas.
 10956 | D:8      | Got a brightly glowing robe
 10971 | D:8      | Identified the +0 robe of the Pure Moons {Str+4 Int+2} (You found it on level 8 of the Dungeon)
 11191 | D:8      | Learned a level 2 spell: Sublimation of Blood
 11196 | D:8      | Learned a level 4 spell: Condensation Shield
 11201 | D:8      | Found a sparkling altar of Nemelex Xobeh.
 11204 | D:8      | Reached skill level 5 in Stealth
 11236 | D:8      | Reached XP level 10. HP: 51/51 MP: 23/32
 11308 | D:8      | Offered knowledge of Throw Frost by Vehumet.
 11468 | D:8      | Learned a level 3 spell: Dazzling Spray
 11497 | D:8      | Reached skill level 11 in Spellcasting
 12244 | D:9      | Found Cletan's General Store.
 12258 | D:9      | Acquired Vehumet's second power
 12487 | D:9      | Reached skill level 1 in Armour
 12506 | D:9      | Reached skill level 1 in Fighting
 12519 | D:9      | Reached skill level 1 in Necromancy
 12525 | D:9      | Learned a level 2 spell: Searing Ray
 12893 | D:9      | Killed an unseen horror
 12893 | D:9      | Reached skill level 12 in Spellcasting
 13124 | D:9      | Offered knowledge of Static Discharge by Vehumet.
 13204 | D:9      | Learned a level 5 spell: Iskenderun's Battlesphere
 13313 | D:9      | Found a staircase to the Lair.
 13314 | D:9      | Reached XP level 11. HP: 47/56 MP: 30/34
 13409 | D:9      | Noticed Erolcha
 13417 | D:9      | HP: 2/56 [something (17)]
 13418 | D:9      | Slain by Erolcha

Action                   |  1- 3 |  4- 6 |  7- 9 | 10-12 || total
-------------------------+-------+-------+-------+-------++-------
Melee: Unarmed           |     5 |     1 |       |       ||     6
       Short sword       |       |     2 |       |       ||     2
       Dagger            |       |    11 |    21 |     5 ||    37
       Rapier            |       |       |    18 |       ||    18
       Flail             |       |       |     4 |       ||     4
       Battleaxe         |       |       |    29 |       ||    29
       Staff             |       |       |       |    15 ||    15
 Cast: Flame Tongue      |    58 |   120 |    95 |    43 ||   316
       Throw Flame       |    28 |    37 |   109 |    39 ||   213
       Sticky Flame      |       |     2 |    39 |    27 ||    68
       Fireball          |       |       |     3 |     6 ||     9
       Freeze            |       |       |    28 |    13 ||    41
       Dazzling Spray    |       |       |       |     8 ||     8
       Sublimation of Bl |       |       |       |     5 ||     5
       Condensation Shie |       |       |       |     6 ||     6
       Searing Ray       |       |       |       |     5 ||     5
       Iskenderun's Batt |       |       |       |     3 ||     3
  Use: Scroll            |       |       |    17 |     2 ||    19
       Potion            |       |       |    12 |     4 ||    16
 Stab: Sleeping          |       |     3 |     3 |     1 ||     7
  Eat: Chunk             |     5 |     8 |    19 |     2 ||    34
       Fruit             |       |     1 |       |       ||     1
       Royal jelly       |       |       |     1 |       ||     1
       Meat ration       |       |       |       |     1 ||     1
